 Dungeon Crawl Stone Soup version 0.18.1-50-g88ac8fd (console) character file.

6659 Kloppie the Spear-Bearer (level 11, -7/81 HPs)
             Began as a Merfolk Fighter on Oct 9, 2016.
             Mangled by a hill giant
             ... wielding a +0 giant club
              (31 damage)
             ... on level 10 of the Dungeon.
             The game lasted 00:17:01 (8285 turns).

Kloppie the Spear-Bearer (Merfolk Fighter)          Turns: 8285, Time: 00:17:02

Health: -7/81      AC: 13    Str: 17    XL:     11   Next: 3%
Magic:  11/11      EV: 16    Int:  7    God:
Gold:   468        SH: 13    Dex: 23    Spells: 0 memorised, 10 levels left

rFire  . . .     SeeInvis .     a - +1 trident
rCold  . . .     Gourm    .     n - +2 scale mail {MR+}
rNeg   + . .     Faith    .     c - +0 shield
rPois  .         Spirit   .     E - +2 hat
rElec  .         Dismiss  +     j - +0 cloak
rCorr  +         Reflect  .     b - +1 pair of gloves
SustAt .         Harm     .     (no boots)
MR     +....                    e - amulet of the Equinox {Dismiss Fragile rN+ Dex+6 Stlth+}
Stlth  ++........               (no ring)
                                q - ring of resist corrosion

@: somewhat resistant to hostile enchantments, unstealthy
A: change form in water, swift swim
a: no special abilities


You were on level 10 of the Dungeon.
You were hungry.

You visited 1 branch of the dungeon, and saw 10 of its levels.
You also visited: Ossuary.

You collected 468 gold pieces.

Inventory:

Hand Weapons
 a - a +1 trident (weapon)
 x - a +2 spear of venom
Armour
 b - a +1 pair of gloves (worn)
 c - a +0 shield (worn)
 j - a +0 cloak (worn)
 n - a +2 scale mail of magic resistance (worn)
 E - a +2 hat (worn)
Jewellery
 e - the amulet of the Equinox (around neck) {Dismiss Fragile rN+ Dex+6 Stlth+}
   (You found it on level 6 of the Dungeon)

   [amulet of dismissal]

   It may teleport away creatures that harm you.
   It affects your dexterity (+6).
   It protects you from negative energy.
   It will be destroyed if unequipped.
   It makes you more stealthy.
 q - a ring of resist corrosion (left hand)
Wands
 y - a wand of flame (22/48)
 F - a wand of disintegration (2/24)
 H - a wand of slowing (29/48)
Scrolls
 g - 3 scrolls of recharging
 k - 4 scrolls of fear
 l - 5 scrolls of remove curse
 m - 2 scrolls of teleportation
 r - 2 scrolls of blinking
 A - 2 scrolls of magic mapping
Potions
 d - 6 potions of curing
 i - a potion of brilliance
 o - a potion of flight
 s - a potion of cure mutation
 z - a potion of heal wounds
Comestibles
 f - 9 bread rations
 h - 8 slices of pizza
 C - 3 beef jerkies
 D - a meat ration


   Skills:
 + Level 6.1 Fighting
 - Level 12.1 Polearms
 - Level 2.1 Armour
 - Level 8.3 Dodging
 + Level 11.8 Shields


You had 10 spell levels left.
You didn't know any spells.

Dungeon Overview and Level Annotations

Branches:
Dungeon (10/15)            Temple (0/1) D:5             Orc (0/2) D:9
   Lair: D:8-11

Altars:
Makhleb
Pakellas
Ru

Annotations:
D:5 Eustachio


Message History

You hit the hill giant.
The hill giant is heavily wounded.
You hit the hill giant.
The hill giant is heavily wounded.
The hill giant hits you but does no damage.
You hit the hill giant.
The hill giant is severely wounded.
The hill giant hits you with a giant club!!
* * * LOW HITPOINT WARNING * * *
You hit the hill giant.
The hill giant is severely wounded.
You hit the hill giant.
The hill giant is severely wounded.
The hill giant closely misses you.
You puncture the hill giant!
The hill giant is almost dead.
You barely miss the hill giant.
The hill giant is almost dead.
The hill giant hits you with a giant club!!
You die...

#.<)......
#......... .#
#.#######. .#
#.# ..# #.# ..#
#.# ...###
#.#######......
#.......C......
#......@$.....$
#..############
#..# #... #...
#.### #. #.


You could see a hill giant.

Vanquished Creatures
  Pikel (D:7)
  A gargoyle (D:10)
  A troll (D:9)
  A two-headed ogre (D:9)
  Sigmund (D:2)
  A human (D:7)
  3 wyverns (D:9)
  A hungry ghost (D:7)
  3 vampire mosquitoes (D:8)
  4 slaves (D:7)
  7 orc warriors
  A sky beast (D:9)
  A wasp (D:9)
  3 ogres (D:9)
  3 centaurs
  6 big kobolds (D:9)
  The ghost of snus the Sneak, an amateur SpEn (D:3)
  9 giant frogs
  2 gnoll sergeants (D:9)
  A scorpion (D:9)
  3 wights (D:8)
  5 howler monkeys
  A crimson imp (D:8)
  4 jellies
  An orc priest (D:6)
  3 giant frog skeletons
  3 hounds
  8 orc wizards
  Ijyb (D:4)
  Natasha (thrice) (D:2)
  Terence (D:2)
  2 iguanas
  7 worker ants
  4 sheep (D:7)
  6 big kobold zombies (Ossuary)
  A mummy (Ossuary)
  A worker ant zombie (D:7)
  5 gnolls
  5 adders
  A shadow imp (D:9)
  3 oozes
  2 adder zombies
  2 dart slugs (D:1)
  2 worms
  2 giant geckos
  30 orcs
  6 spectral bats (Ossuary)
  5 bats
  7 giant cockroaches
  5 gnoll zombies (Ossuary)
  16 goblins
  6 hobgoblins
  5 jackals (D:2)
  4 kobolds
  5 quokkas
  2 ball pythons (D:4)
  2 bat simulacra (Ossuary)
  A giant gecko zombie (D:7)
  6 giant newts
  3 goblin simulacra (Ossuary)
  4 goblin zombies (Ossuary)
  5 hobgoblin zombies (Ossuary)
  2 kobold simulacra (Ossuary)
  7 kobold zombies (Ossuary)
  2 orc zombies (Ossuary)
  A quokka skeleton (D:5)
  A quokka zombie (D:9)
  6 rats
  4 rat simulacra (Ossuary)
  3 spectral goblins (Ossuary)
  3 spectral kobolds (Ossuary)
  4 spectral rats (Ossuary)
272 creatures vanquished.

Vanquished Creatures (others)
  A gnoll zombie (Ossuary)
1 creature vanquished.

Grand Total: 273 creatures vanquished

Notes
Turn   | Place    | Note
--------------------------------------------------------------
     0 | D:1      | Kloppie the Merfolk Fighter began the quest for the Orb.
     0 | D:1      | Reached XP level 1. HP: 18/18 MP: 1/1
   101 | D:1      | Reached XP level 2. HP: 20/24 MP: 2/2
   239 | D:1      | Reached skill level 4 in Polearms
   349 | D:1      | Reached XP level 3. HP: 29/29 MP: 3/3
   550 | D:2      | Found a faded altar to an unknown god.
   553 | D:2      | Noticed Natasha
   566 | D:2      | Killed Natasha
   566 | D:2      | Reached XP level 4. HP: 8/35 MP: 4/4
   650 | D:2      | Noticed Natasha
   661 | D:2      | Killed Natasha
   661 | D:2      | Reached skill level 5 in Polearms
  1158 | D:2      | Noticed Terence
  1174 | D:2      | Reached XP level 5. HP: 38/41 MP: 5/5
  1189 | D:2      | Killed Terence
  1319 | D:2      | Noticed Sigmund
  1337 | D:2      | Killed Sigmund
  1337 | D:2      | Reached skill level 7 in Polearms
  1337 | D:2      | Reached skill level 5 in Shields
  1337 | D:2      | Reached XP level 6. HP: 47/47 MP: 6/6
  1408 | D:2      | Found an oddly glowing altar of Pakellas.
  1544 | D:2      | Noticed Natasha
  1554 | D:2      | Killed Natasha
  1624 | D:2      | Found a sacrificial altar of Ru.
  1696 | D:3      | Noticed snus's ghost (amateur SpEn)
  1716 | D:3      | Killed snus's ghost
  1900 | D:3      | Reached XP level 7. HP: 50/52 MP: 7/7
  2687 | D:4      | Noticed Ijyb
  2816 | D:4      | Killed Ijyb
  3284 | D:5      | Entered Level 5 of the Dungeon
  3401 | D:5      | Found a staircase to the Ecumenical Temple.
  3502 | D:5      | Reached skill level 8 in Polearms
  3572 | D:5      | Noticed Eustachio
  3765 | D:5      | Reached XP level 8. HP: 61/61 MP: 8/8
  3772 | D:5      | Found a burning altar of Makhleb.
  4234 | D:6      | Reached skill level 9 in Polearms
  4328 | D:6      | Got a crude ivory amulet
  4412 | D:6      | Found a sand-covered staircase.
  4416 | Ossuary  | Entered an ossuary
  4844 | Ossuary  | Identified the amulet of the Equinox {Dismiss Fragile rN+ Dex+6 Stlth+} (You found it on level 6 of the Dungeon)
  4973 | D:6      | Reached skill level 10 in Polearms
  5119 | D:7      | Reached XP level 9. HP: 48/67 MP: 9/9
  5314 | D:7      | Reached skill level 11 in Polearms
  5401 | D:7      | Noticed Pikel
  5643 | D:7      | Killed Pikel
  5736 | D:7      | Reached skill level 12 in Polearms
  6160 | D:8      | Reached skill level 1 in Dodging
  6191 | D:8      | Reached skill level 10 in Shields
  6446 | D:8      | Reached XP level 10. HP: 50/73 MP: 10/10
  6721 | D:9      | Found a staircase to the Orcish Mines.
  6735 | D:9      | Reached skill level 5 in Dodging
  7735 | D:9      | Reached skill level 5 in Fighting
  8230 | D:10     | Entered Level 10 of the Dungeon
  8230 | D:10     | Noticed a gargoyle
  8257 | D:10     | Killed a gargoyle
  8257 | D:10     | Reached XP level 11. HP: 68/81 MP: 11/11
  8269 | D:10     | Noticed a hill giant
  8285 | D:10     | Mangled by a hill giant

Skill      XL: |  1  2  3  4  5  6  7  8  9 10 |
---------------+-------------------------------+-----
Polearms       | 4 5 7 8 10 12 | 12.1
Shields        | 4 5 6 8 10 11 | 11.8
Fighting       | 4 6 |  6.1
Dodging        | 4 8 |  8.3
Armour         | |  2.1

Action                   |  1- 3 |  4- 6 |  7- 9 | 10-12 || total
-------------------------+-------+-------+-------+-------++-------
Melee: Trident           |    80 |   163 |   885 |   454 ||  1582
       Spear             |       |       |       |    25 ||    25
Evoke: Wand              |       |       |       |     1 ||     1
  Use: Potion            |       |     2 |     5 |     1 ||     8
       Scroll            |       |       |    10 |    10 ||    20
 Stab: Distracted        |       |       |     1 |     1 ||     2
       Sleeping          |       |       |       |     1 ||     1
  Eat: Chunk             |       |     4 |    10 |     1 ||    15
       Meat ration       |       |       |     1 |     1 ||     2
       Pizza             |       |       |     1 |       ||     1
Armor: Scale mail        |    19 |    57 |   203 |    43 ||   322
       Skin              |       |       |    33 |       ||    33
Dodge: Dodged            |    12 |    32 |   137 |   115 ||   296
Block: Shield            |    22 |    69 |   342 |   204 ||   637
